 Dungeon Crawl Stone Soup version 0.31-a0-851-g7ff8af7976 (webtiles) character file.

Game seed: 6660550858367050096

179157 Joey1 the Peltast (level 17, -3/156 HPs)
             Began as a Minotaur Berserker on Oct 5, 2023.
             Was a High Priest of Trog.
             Slain by a six-headed hydra (8 damage)
             ... on level 4 of the Swamp.
             The game lasted 01:19:24 (24968 turns).

Joey1 the Peltast (Minotaur Berserker)             Turns: 24968, Time: 01:19:24

Health: -3/156     AC: 20    Str: 32    XL:     17   Next: 60%
Magic:  16/16      EV: 16    Int:  8    God:    Trog [*****.]
Gold:   1606       SH: 34    Dex:  7    Spells: 16/16 levels left

rFire   + + .        F - +5 broad axe (flame)
rCold   . . .        o - +10 tower shield of Ignorance {rN+ Int-4}
rNeg    + . .        E - +6 scale mail "Soserphei" {Will+ Dex+2 Stlth+}
rPois   +            H - +2 hat
rElec   +            X - +0 cloak
rCorr   .            y - -1 pair of gloves "Higaqib" {rElec Will+++ Regen+ Dex-4}
SInv    .            i - +2 pair of slick slippers {slick, slippery, EV+4}
Will    +++++        h - amulet "Behypipt" {Reflect Drain rF++ Str+3 SH+5}
Stlth   +            a - ring of poison resistance
HPRegen 1.26/turn    j - +6 ring of intelligence
MPRegen 0.15/turn

%: reflection
@: no status effects
A: horns 2, retaliatory headbutt
a: Renounce Religion, Berserk, Trog's Hand, Brothers in Arms


You were on level 4 of the Swamp.
You worshipped Trog.
Trog was extremely pleased with you.
You visited 4 branches of the dungeon, and saw 26 of its levels.
You also visited: Bailey.

You collected 2666 gold pieces.
You spent 1060 gold pieces at shops.

Inventory:

Hand Weapons
 F - a +5 broad axe of flaming (weapon)
 Z - the +8 whip "Snakebite" {venom, curare, rPois}
   (You found it on level 1 of the Lair of Beasts)

   rPois:     It protects you from poison
Missiles
 c - 3 throwing nets
 K - 13 boomerangs
 R - 7 silver javelins
Armour
 i - the +2 pair of slick slippers (worn) {slick, slippery, EV+4}
   (You acquired it in a bailey)

   Slick:     Its wearer cannot be constricted, engulfed, netted or webbed.
   Slippery:  Its wearer slips away from damaging melee attacks, pulling the
   attacker onward.
   EV+4:      It affects your evasion (+4).
 o - the +10 tower shield of Ignorance (worn) {rN+ Int-4}
   (You found it on level 9 of the Dungeon)

   Int-4:     It affects your intelligence (-4).
   rN+:       It protects you from negative energy.
 y - the -1 pair of gloves "Higaqib" (worn) {rElec Will+++ Regen+ Dex-4}
   (You found it on level 5 of the Dungeon)

   Dex-4:     It affects your dexterity (-4).
   rElec:     It insulates you from electricity.
   Will+++:   It greatly increases your willpower.
   Regen+:    It increases your rate of health regeneration.
 E - the +6 scale mail "Soserphei" (worn) {Will+ Dex+2 Stlth+}
   (You found it on level 5 of the Lair of Beasts)

   Dex+2:     It affects your dexterity (+2).
   Will+:     It increases your willpower.
   Stlth+:    It makes you more stealthy.
 H - a +2 hat (worn)
 X - a +0 cloak (worn)
Jewellery
 a - a ring of poison resistance (left hand)
 g - a +4 ring of protection
 h - the amulet "Behypipt" (around neck) {Reflect Drain rF++ Str+3 SH+5}
   (You bought it in a shop on level 2 of the Orcish Mines)

   [amulet of reflection]

   Reflect:   It reflects blocked missile attacks.
   Str+3:     It affects your strength (+3).
   rF++:      It greatly protects you from fire.
   Drain:     It drains your maximum health when unequipped.
   SH+5:      It affects your SH (+5).
 j - a +6 ring of intelligence (right hand)
 s - a +4 ring of slaying
 P - a ring of willpower
 W - a ring of fire
Wands
 b - a wand of digging (19)
 u - a wand of iceblast (12)
 z - a wand of polymorph (11)
 B - a wand of quicksilver (3)
 D - a wand of flame (32)
 M - a wand of charming (34)
 S - a wand of mindburst (44)
Scrolls
 f - 3 scrolls of enchant armour
 k - 2 scrolls of brand weapon
 m - 3 scrolls of noise
 r - 10 scrolls of teleportation
 t - 5 scrolls of revelation
 v - 5 scrolls of summoning
 x - 4 scrolls of poison
 C - 4 scrolls of silence
 I - 5 scrolls of fear
 J - 2 scrolls of fog
 L - 5 scrolls of blinking
 N - a scroll of enchant weapon
 Y - 3 scrolls of vulnerability
Potions
 d - 10 potions of haste
 e - 12 potions of curing
 l - 3 potions of invisibility
 n - 12 potions of enlightenment
 p - 5 potions of heal wounds
 q - 2 potions of cancellation
 w - 4 potions of berserk rage
 A - 5 potions of mutation
 O - 7 potions of ambrosia
 Q - 3 potions of lignification
 T - a potion of magic
 U - 3 potions of resistance {unknown}
 V - 2 potions of might {unknown}
Miscellaneous
 G - a condenser vane


   Skills:
 - Level 15.0 Fighting
 - Level 18.0 Axes
 - Level 8.0 Throwing
 - Level 10.0 Armour
 - Level 10.0 Dodging
 - Level 20.0 Shields
 + Level 10.1 Evocations


You had 16 spell levels left.
You didn't know any spells.
Your spell library was empty.

Dungeon Overview and Level Annotations

Branches:
Dungeon (15/15)            Temple (0/1) D:4            Lair (5/5) D:10
  Swamp (4/4) Lair:3        Snake (0/4) Lair:3        Slime (0/5) Lair:4
    Orc (2/2) D:9             Elf (0/3) Orc:2        Vaults (0/5) D:14
 Depths (0/4) D:15         Bailey (visited)

Altars:
Cheibriados
Fedhas
Gozag
Makhleb
Nemelex Xobeh
Qazlal
Sif Muna
Wu Jian
Yredelemnul
Jiyva

Shops:
D:8 ?   D:12 [   Orc:2 **==

Portals:
Trove: D:14 (give +4 demon whip)

Annotations:
D:5 3 runed translucent doors, subawu's ghost, novice GnSh
D:6 3 runed translucent doors, olddryhag's ghost, novice DsWn


Innate Abilities, Weirdness & Mutations

You have a pair of horns on your head.
You reflexively headbutt those who attack you in melee.


Message History

The six-headed hydra misses you. The six-headed hydra barely misses you.
The swamp drake breathes poison at you. The five-headed hydra misses you.
The five-headed hydra bites you but does no damage.
The five-headed hydra bites you!
* * * LOW HITPOINT WARNING * * *
The five-headed hydra bites you.
* * * LOW HITPOINT WARNING * * *
You block the five-headed hydra's attack.
You block the five-headed hydra's attack.
The five-headed hydra closely misses you.
The five-headed hydra bites you.
* * * LOW HITPOINT WARNING * * *
You block the five-headed hydra's attack. x2
The six-headed hydra bites you.
* * * LOW HITPOINT WARNING * * *
The six-headed hydra bites you but does no damage.
The six-headed hydra bites you.
* * * LOW HITPOINT WARNING * * *
The six-headed hydra bites you!!
* * * LOW HITPOINT WARNING * * *
The six-headed hydra bites you but does no damage.
The six-headed hydra misses you.
You feel much better.
You block the six-headed hydra's attack. x6
The five-headed hydra bites you.
* * * LOW HITPOINT WARNING * * *
The five-headed hydra bites you.
* * * LOW HITPOINT WARNING * * *
The five-headed hydra barely misses you.
The five-headed hydra completely misses you.
The five-headed hydra bites you but does no damage.
The six-headed hydra bites you!!
* * * LOW HITPOINT WARNING * * *
The six-headed hydra bites you but does no damage.
The six-headed hydra bites you.
* * * LOW HITPOINT WARNING * * *
The six-headed hydra bites you but does no damage. x2
The six-headed hydra bites you!
You die...

♣♣..~♣~...♣
♣~§~.~...~♣♣
♣§~~~~~~~..♣
♣~~~~§~~~~~♣ ♣♣♣
♣♣.k~D~§~~♣♣
♣♣♣♣♣~♣♣♣♣.♣~§~~~.~♣
♣~~~~~~.♣~~~.°~°~.~♣
♣~~~~~~..§~..°DD.♣♣♣
♣.§~~~~...~.~°@D♣♣
♣.~~...♣♣..♣♣♣♣♣♣
♣...♣♣♣♣♣♣♣♣ ♣♣♣♣♣


You could see 2 six-headed hydras, a five-headed hydra, a swamp dragon and a
swamp drake.

Vanquished Creatures
  Jorgrun (D:12)
  A thorn hunter (Swamp:2)
  Kirke (D:13)
  A fenstrider witch (Swamp:2)
  2 orc warlords
  5 eleionomae
  5 bunyips
  4 ettins (D:15)
  A fire dragon (Lair:3)
  An ogre mage (D:14)
  Erolcha (D:12)
  12 hydras
  A rakshasa (D:15)
  A ghost crab (Swamp:2)
  5 alligators
  4 centaur warriors
  9 two-headed ogres
  A tengu warrior (D:13)
  2 dancing weapons (D:14)
  Erica (D:8)
  4 boulder beetles
  7 orc high priests
  7 death yaks
  Urug (D:12)
  A hell knight (D:15)
  A deep elf knight (D:14)
  Nergalle (Orc:1)
  2 skysharks
  5 goliath frogs
  2 deep trolls (D:15)
  3 spriggan druids
  5 swamp dragons
  3 bog bodies
  2 wizards (D:14)
  Pikel (D:8)
  A deep elf archer (D:14)
  4 orange crystal statues (D:9)
  7 orc knights
  2 necromancers (D:15)
  A deep elf zephyrmancer (D:14)
  6 manticores
  A deep elf pyromancer (D:12)
  A salamander (Lair:3)
  3 orc sorcerers
  5 will-o-the-wisps
  6 cyclopes
  14 elephants
  6 black mambas
  2 gargoyles
  9 cane toads
  3 unseen horrors
  2 torpor snails
  9 komodo dragons
  Psyche (D:11)
  2 efreet
  A tengu conjurer (D:13)
  A yaktaur (shapeshifter) (D:15)
  3 rime drakes
  7 polar bears
  A queen bee (D:13)
  3 meliai (D:13)
  8 trolls
  7 tyrant leeches
  18 blink frogs
  7 hornets
  A dream sheep (Lair:5)
  4 slime creatures
  Sigmund (D:5)
  16 spriggans
  A vampire (D:6)
  23 yaks
  A shadow (D:11)
  A hog (D:13)
  2 wraiths
  A wyvern (Lair:2)
  3 basilisks
  9 vampire mosquitoes
  4 wargs
  Menkaure (D:4)
  13 swamp worms
  3 nagas (Lair:3)
  20 water moccasins
  4 acid dragons
  2 sky beasts (D:7)
  4 swamp drakes
  39 orc warriors
  4 ice beasts
  5 black bears
  10 ogres
  5 boggarts (Lair:5)
  9 centaurs
  34 wolves
  4 lemures (D:8)
  4 phantoms
  2 kobold brigands
  11 bullfrogs
  3 scorpions
  A necrophage (D:6)
  2 gnoll sergeants
  A wight (D:8)
  22 killer bees
  7 howler monkeys
  An electric eel (Lair:3)
  2 bullfrog zombies (D:7)
  2 jellies
  2 hounds
  24 orc priests
  An iguana (D:7)
  25 orc wizards
  A centaur simulacrum (D:8)
  A hound skeleton (D:6)
  8 gnolls
  5 adders
  A shadow imp (D:7)
  3 white imps
  5 ufetubi
  5 worms (D:2)
  4 dart slugs
  98 orcs
  9 endoplasms
  2 giant cockroaches
  4 hobgoblins
  3 quokkas
  5 ball pythons
  5 bats
  3 frilled lizards
  5 goblins
  13 kobolds
  4 rats
763 creatures vanquished.

Vanquished Creatures (collateral kills)
  An orc knight (Bailey)
  An elephant (Lair:5)
  A torpor snail (Lair:5)
  A cane toad (Lair:1)
  A komodo dragon (Lair:1)
  A polar bear (Lair:1)
  3 yaks (Lair:5)
  4 wights (D:8)
  2 gnolls (Bailey)
15 creatures vanquished.

Vanquished Creatures (others)
  A deep elf knight (D:14)
  A goliath frog (Swamp:2)
  3 bloated husks
  3 humans (D:13)
  An orc wizard (D:5)
  20 foxfires (Swamp:3)
29 creatures vanquished.

Grand Total: 807 creatures vanquished

Notes
Turn   | Place    | Note
-------+----------+-------------------------------------------
     0 | D:1      | Joey1 the Minotaur Berserker began the quest for the Orb.
     0 | D:1      | Reached XP level 1. HP: 19/19 MP: 0/0
   199 | D:1      | Reached XP level 2. HP: 23/27 MP: 1/1
   732 | D:2      | Reached XP level 3. HP: 33/33 MP: 2/2
   786 | D:2      | Reached ** piety under Trog
   976 | D:2      | Found an ornate altar of the Wu Jian Council.
  1138 | D:3      | Found a faded altar of an unknown god.
  1176 | D:3      | Reached skill level 5 in Axes
  1176 | D:3      | Reached XP level 4. HP: 9/41 MP: 3/3
  1828 | D:4      | Reached XP level 5. HP: 47/47 MP: 4/4
  1835 | D:4      | Found a staircase to the Ecumenical Temple.
  1987 | D:4      | Noticed a phantom
  2015 | D:4      | Killed a phantom
  2179 | D:4      | Reached skill level 5 in Fighting
  2223 | D:4      | Noticed Menkaure
  2232 | D:4      | Killed Menkaure
  2233 | D:4      | Reached XP level 6. HP: 40/56 MP: 5/5
  2584 | D:5      | Entered Level 5 of the Dungeon
  2595 | D:5      | Noticed Sigmund
  2612 | D:5      | Identified the -1 pair of gloves "Higaqib" {rElec Will+++
                  | Regen+ Dex-4}
  2646 | D:5      | Killed Sigmund
  2647 | D:5      | Reached skill level 5 in Armour
  2647 | D:5      | Reached XP level 7. HP: 52/61 MP: 6/6
  2722 | D:5      | Reached *** piety under Trog
  2894 | D:5      | Found a runed translucent gate.
  2894 | D:5      | Found a runed translucent gate.
  2894 | D:5      | Found a runed translucent gate.
  2929 | D:5      | Noticed subawu's ghost (novice GnSh)
  3435 | D:6      | Identified the +2 leather armour of the Cartwright {Int+5}
  3437 | D:6      | Identified the +5 chain mail of Polish {rCorr Int-5 Dex+5}
  3448 | D:6      | Reached skill level 10 in Axes
  3451 | D:6      | Reached XP level 8. HP: 56/68 MP: 7/7
  3612 | D:6      | Found a runed translucent gate.
  3613 | D:6      | Found a runed translucent gate.
  3613 | D:6      | Found a runed translucent gate.
  3625 | D:6      | Noticed olddryhag's ghost (novice DsWn)
  3627 | D:6      | Identified the +1 chain mail of the Miller {rElec Will+
                  | Slay+3}
  4198 | D:6      | Found a burning altar of Makhleb.
  4208 | D:6      | Reached XP level 9. HP: 74/74 MP: 8/8
  4859 | D:7      | Found a basalt altar of Yredelemnul.
  5451 | D:8      | Found Ziliqoiz's Magic Scroll Shop.
  5458 | D:8      | Bought a scroll of poison for 48 gold pieces
  5621 | D:8      | Reached **** piety under Trog
  5725 | D:8      | Found a shimmering blue altar of Sif Muna.
  6029 | D:8      | Reached skill level 15 in Axes
  6038 | D:8      | Noticed Erica
  6044 | D:8      | Killed Erica
  6045 | D:8      | Reached XP level 10. HP: 88/88 MP: 9/9
  6350 | D:8      | Found a blossoming altar of Fedhas.
  6352 | D:8      | Found a snail-covered altar of Cheibriados.
  6394 | D:9      | Noticed Pikel
  6394 | D:9      | Found a flagged portal.
  6417 | D:8      | Killed Pikel
  6485 | D:9      | Found the +10 tower shield of Ignorance {rN+ Int-4}
  6641 | Bailey   | Entered a bailey
  6833 | Bailey   | Noticed an orc knight
  6873 | Bailey   | Killed an orc knight
  6966 | Bailey   | Acquired the +2 pair of slick slippers {slick, slippery,
                  | EV+4}
  6966 | Bailey   | Found the +2 pair of slick slippers {slick, slippery, EV+4}
  7261 | D:9      | Found a runed translucent door.
  7282 | D:9      | Found a runed translucent door.
  7306 | D:9      | Reached skill level 10 in Fighting
  7456 | D:9      | Found a staircase to the Orcish Mines.
  7535 | D:9      | Noticed an orange crystal statue
  7638 | D:10     | Entered Level 10 of the Dungeon
  7798 | D:10     | Reached ***** piety under Trog
  7804 | D:10     | Found a staircase to the Lair.
  7818 | D:10     | Reached XP level 11. HP: 72/104 MP: 10/10
  7930 | Lair:1   | Entered Level 1 of the Lair of Beasts
  8096 | Lair:1   | Found the +8 whip "Snakebite" {venom, curare, rPois}
  8239 | Lair:1   | Noticed a death yak
  8244 | Lair:1   | Noticed a death yak
  8263 | Lair:1   | Noticed a death yak
  8267 | Lair:1   | Killed a death yak
  8269 | Lair:1   | Noticed a death yak
  8271 | Lair:1   | Noticed a death yak
  8272 | Lair:1   | Noticed a death yak
  8401 | Lair:1   | Identified the +3 leather armour of Sunlight {Int+2 Stlth+}
  8629 | Lair:1   | Noticed a seven-headed hydra
  8637 | Lair:1   | Killed a seven-headed hydra
  8638 | Lair:1   | Reached skill level 15 in Fighting
  9038 | Lair:2   | Reached skill level 1 in Throwing
  9038 | Lair:2   | Reached skill level 1 in Evocations
  9409 | Lair:2   | Reached XP level 12. HP: 119/119 MP: 11/11
  9453 | Lair:2   | Noticed a death yak
  9453 | Lair:2   | Noticed a death yak
  9480 | Lair:2   | Killed a death yak
  9491 | Lair:2   | Killed a death yak
  9710 | Lair:2   | Reached skill level 5 in Throwing
  9763 | Lair:2   | Reached skill level 5 in Evocations
  9861 | Lair:2   | Noticed a death yak
  9877 | Lair:2   | Killed a death yak
 10568 | Lair:3   | Found a staircase to the Swamp.
 10859 | Lair:3   | Noticed a fire dragon
 10993 | Lair:2   | Identified the +1 pair of boots of the Evil One {+Inv
                  | Dex+3}
 11541 | Lair:3   | Found a staircase to the Snake Pit.
 11705 | D:10     | Noticed a two-headed ogre
 11715 | D:10     | Killed a two-headed ogre
 11776 | D:10     | Reached XP level 13. HP: 118/126 MP: 12/12
 11889 | D:10     | Received a gift from Trog
 12057 | D:10     | Found an opulent altar of Gozag.
 12142 | D:10     | Found a sparkling altar of Nemelex Xobeh.
 12409 | D:11     | Upgraded the game from 0.31-a0-848-gaac375c287 to
                  | 0.31-a0-851-g7ff8af7976
 12409 | D:11     | Reached skill level 1 in Shields
 13118 | Lair:3   | Killed a fire dragon
 13119 | Lair:3   | Reached skill level 3 in Shields
 13378 | Lair:4   | Reached skill level 4 in Shields
 13488 | Lair:4   | Reached skill level 5 in Shields
 13577 | Lair:4   | Reached skill level 6 in Shields
 13586 | Lair:4   | Reached skill level 7 in Shields
 13850 | Lair:4   | Found a viscous altar of Jiyva.
 13851 | Lair:4   | Found a staircase to the Slime Pits.
 14237 | Lair:5   | Entered Level 5 of the Lair of Beasts
 14269 | Lair:4   | Reached skill level 8 in Shields
 14414 | Lair:5   | Reached skill level 9 in Shields
 14470 | Lair:5   | Reached skill level 10 in Shields
 14546 | Lair:5   | Received a gift from Trog
 14565 | Lair:5   | Reached skill level 11 in Shields
 14597 | Lair:5   | Reached ****** piety under Trog
 14811 | Lair:5   | Reached skill level 12 in Shields
 14914 | Lair:5   | Identified the +6 scale mail "Soserphei" {Will+ Dex+2
                  | Stlth+}
 14976 | Lair:5   | Reached XP level 14. HP: 135/135 MP: 13/13
 15091 | Lair:5   | Reached skill level 13 in Shields
 15738 | Orc:1    | Entered Level 1 of the Orcish Mines
 15754 | Orc:1    | Received a gift from Trog
 15781 | Orc:1    | Noticed an orc warlord
 15803 | D:9      | Killed an orc warlord
 15804 | D:9      | Reached skill level 14 in Shields
 16013 | Orc:2    | Entered Level 2 of the Orcish Mines
 16349 | Orc:2    | Received a gift from Trog
 16446 | Orc:2    | Found a staircase to the Elven Halls.
 16545 | Orc:2    | Reached skill level 15 in Shields
 16821 | Orc:2    | Reached skill level 5 in Dodging
 17041 | Orc:2    | Identified the +4 executioner's axe "Roloph" {flame, rElec
                  | rCorr SInv} (Trog gifted it to you on level 2 of the Orcish
                  | Mines)
 17041 | Orc:2    | Received a gift from Trog
 17073 | Orc:2    | Found Zata's General Store.
 17073 | Orc:2    | Found Xafafiav's General Store.
 17074 | Orc:2    | Found Xegitezydd's Jewellery Shoppe.
 17074 | Orc:2    | Found Hese's Jewellery Emporium.
 17260 | Orc:1    | Noticed Nergalle
 17269 | Orc:1    | Killed Nergalle
 17843 | D:11     | Noticed Psyche
 17849 | D:11     | Killed Psyche
 18173 | D:11     | Reached XP level 15. HP: 141/141 MP: 14/14
 18579 | D:12     | Noticed Urug
 18589 | D:12     | Killed Urug
 18616 | D:12     | Identified the +3 war axe "Minotaur's Bane" {antimagic,
                  | rC+} (Trog gifted it to you on level 12 of the Dungeon)
 18616 | D:12     | Received a gift from Trog
 18746 | Orc:2    | Bought the amulet "Behypipt" {Reflect Drain rF++ Str+3
                  | SH+5} for 772 gold pieces
 18957 | D:12     | Noticed Jorgrun
 18965 | D:12     | Killed Jorgrun
 18979 | D:12     | Found Jozu Uxi's Armour Boutique.
 19207 | D:12     | Found a stormy altar of Qazlal.
 19269 | D:12     | Noticed Erolcha
 19276 | D:12     | Killed Erolcha
 19366 | D:12     | Identified the +1 falchion "Huheidgh" {freeze, +Blink Int-4
                  | SInv}
 19545 | D:13     | Noticed Kirke
 19554 | D:13     | Killed Kirke
 20111 | D:14     | Reached skill level 10 in Armour
 20158 | D:14     | Found a portal to a secret trove of treasure.
 20172 | D:14     | Reached skill level 16 in Shields
 20285 | D:14     | Found a gate to the Vaults.
 20456 | D:14     | Reached skill level 17 in Shields
 20738 | D:15     | Entered Level 15 of the Dungeon
 20853 | D:15     | Found a staircase to the Depths.
 20955 | D:15     | Reached skill level 18 in Shields
 21970 | Swamp:1  | Entered Level 1 of the Swamp
 22129 | Swamp:1  | Reached skill level 19 in Shields
 22260 | Swamp:1  | Reached XP level 16. HP: 149/149 MP: 15/15
 22649 | Orc:2    | Bought a ring of poison resistance for 240 gold pieces
 22914 | Swamp:1  | You fall into a shaft and drop 1 floor!
 23229 | Swamp:2  | Identified the +8 hand axe of Mysticism {heavy, Str-4
                  | Dex+7} (Trog gifted it to you on level 2 of the Swamp)
 23229 | Swamp:2  | Received a gift from Trog
 23264 | Swamp:2  | Reached skill level 20 in Shields
 23350 | Swamp:2  | Identified the +1 great sword of the Dancing Gods {spect,
                  | Str+3 Int-5 SInv}
 23352 | Swamp:2  | Identified the +2 robe "Arerphaih" {Harm rN+ Regen+ Str+4}
 23611 | Swamp:2  | Noticed a thorn hunter
 23620 | Swamp:2  | Killed a thorn hunter
 23927 | Swamp:3  | Reached XP level 17. HP: 156/156 MP: 16/16
 24001 | Swamp:3  | Reached skill level 10 in Dodging
 24101 | Swamp:3  | Identified the +10 battleaxe of the Vestibule of Hell
                  | {freeze, rPois MP+9 Dex+2}
 24896 | Swamp:4  | Entered Level 4 of the Swamp
 24958 | Swamp:4  | Reached skill level 10 in Evocations
 24967 | Swamp:4  | HP: 1/156 [six-headed hydra (22)]
 24968 | Swamp:4  | Slain by a six-headed hydra

Illustrated notes

Levels and vault maps discovered:
D:1:      dpeg_arrival_rhombus, layout_loops_ring
D:2:      layout_rooms, basic_altar
D:3:      layout_rooms, hellmonk_ecumenical_altar_arch_garden, minivault_14,
          nicolae_figureground_pulse
D:4:      layout_basic, temple_fountains, uniq_menkaure
D:5:      layout_gridville, gammafunk_ghost_icy, serial_bayou_crossing,
          uniq_sigmund
D:6:      layout_basic, makhleb_blood_cavern_becter, biasface_ghost_orc_armoury,
          hangedman_minor_gate_pass
D:7:      layout_basic, lemuel_zombie_altar_yredelemnul, serial_glass,
          glass_columns_c, glass_columns_b, minmay_strange_pillars,
          feat_on_display, minivault_10
D:8:      layout_loops_ring, kennysheep_mini_moat, minitemple, serial_ice,
          serial_ice_m, serial_ice_o, serial_ice_d, serial_ice_b, serial_shops,
          shop, uniq_erica
D:9:      layout_roguey, orc_0_dummy, enter_bailey_8,
          chequers_guarded_unrand_ignorance, uniq_pikel
D:10:     layout_gridville, nemelex_spade_bored_becter,
          nicolae_gozag_cash_rules_everything_around_me,
          hellmonk_lair_entry_icy, grunt_decor_cap, minmay_shattered_shrine
D:11:     layout_basic, grunt_potential, uniq_psyche
D:12:     layout_irregular_city, serial_shops, shop, hangedman_decor_riveting,
          nicolae_qazlal_general_emergency, uniq_jorgrun, uniq_urug,
          uniq_erolcha
D:13:     layout_roguey, minivault_7, uniq_kirke
D:14:     layout_loops_ring, erik_vaults_1, nicolae_trove_entry_crossroad
D:15:     hangedman_depths_entry_civil_slaughter, layout_small_grid,
          solitary_fountain, hellmonk_guarded_unrand_dark_maul
Lair:1:   minmay_guarded_unrand_snakebite, layout_regular_city
Lair:2:   wad_woods_structure_01, layout_misc_corridors, serial_bayou_shore_b
Lair:3:   dragon1_lemuel, layout_layer_cave, swamp_mist,
          alex1729_snake_entry_snake
Lair:4:   layout_regular_city, slime_entry_1
Lair:5:   minmay_lair_end_enchanted_forest, layout_hall_layers
Swamp:1:  layout_falls_marsh, serial_swamp_ruin, evilmike_swamp_ruin_house_2,
          evilmike_swamp_ruin_rubble_1, swamp_pool1, st_swamp_ruins_1,
          infiniplex_staircase_pool_2
Swamp:2:  layout_basic_swamp, evilmike_swamp_ruin_house_3
Swamp:3:  layout_basic_swamp, evilmike_swamp_ruin_house_1, swamp_pool1,
          nicolae_swamp_orc_logging_accident, nicolae_swamp_wisp_ring_woods,
          infiniplex_staircase_pool
Swamp:4:  swamp, layout_basic_swamp
Orc:1:    layout_caves, uniq_nergalle
Orc:2:    st_orc_pillars, layout_diamond_mine, basic_altar

Skill      XL: |  1  2  3  4  5  6  7  8  9 10 11 12 13 14 15 16 17 |
---------------+----------------------------------------------------+-----
Axes           | 4 5 7 8 10 13 15 16 17 18 | 18.0
Fighting       | 4 5 8 11 15 | 15.0
Armour         | 3 4 5 8 10 | 10.0
Dodging        | 4 7 9 10 | 10.0
Throwing       | 3 5 7 8 |  8.0
Evocations     | 3 8 9 10 | 10.1
Shields        | 12 15 19 20 | 20.0

Action                     |  1- 3 |  4- 6 |  7- 9 | 10-12 | 13-15 | 16-18 || total
---------------------------+-------+-------+-------+-------+-------+-------++-------
  Melee: Hand axe          |    92 |    47 |       |       |       |       ||   139
         Headbutt          |     9 |    11 |    36 |   181 |   314 |    43 ||   594
         Punch             |     1 |       |     3 |    11 |     7 |       ||    22
         War axe           |       |    48 |   263 |   768 |    40 |       ||  1119
         Unarmed           |       |     4 |       |       |       |       ||     4
         Whip              |       |       |       |     5 |    17 |       ||    22
         Broad axe         |       |       |       |       |  1313 |   282 ||  1595
  Throw: Throwing net      |       |       |       |     1 |       |       ||     1
         Dart              |       |       |       |       |     1 |       ||     1
 Invoke: Berserk           |     2 |     1 |     3 |     4 |     3 |       ||    13
         Trog's Hand       |       |     2 |       |       |       |       ||     2
         Brothers in Arms  |       |       |     1 |     3 |     1 |       ||     5
  Evoke: Wand              |       |       |       |     9 |     3 |       ||    12
    Use: Scroll            |       |     1 |     6 |     7 |    14 |     4 ||    32
         Potion            |       |     1 |       |       |       |     2 ||     3
   Stab: Held in net/web   |       |       |       |     1 |       |       ||     1
 Armour: Animal skin       |    11 |       |       |       |       |       ||    11
         Scale mail        |    25 |    56 |   228 |    93 |   355 |   162 ||   919
         Chain mail        |       |       |       |   372 |   371 |       ||   743
  Dodge: Dodged            |    39 |    38 |   122 |   367 |   611 |    95 ||  1272
  Block: Buckler           |       |       |       |       |    40 |       ||    40
         Kite shield       |       |       |       |       |   205 |       ||   205
         Tower shield      |       |       |       |       |   475 |   320 ||   795
         Reflection        |       |       |       |       |    24 |     8 ||    32

Table legend: (Time is in decaauts)
 A = Elapsed time spent in this place.
 B = Non-inter-level travel time spent in this place.
 C = Inter-level travel time spent in this place.
 D = Time resting spent in this place.
 E = Time spent auto-exploring this place.
 F = Levels seen in this place.
 G = Mean time per level.
                   A        B        C        D        E       F      G
               +--------+--------+--------+--------+--------+-----+--------+
         Total |  24710 |  22010 |   2700 |   1755 |  13873 |  27 |  915.2 |
       Dungeon |  12972 |  11649 |   1323 |    907 |   7732 |  15 |  864.8 |
          Lair |   6692 |   5831 |    861 |    465 |   3572 |   5 | 1338.4 |
         Swamp |   2734 |   2597 |    137 |    153 |   1840 |   4 |  683.5 |
  Orcish Mines |   1877 |   1499 |    378 |    203 |    673 |   2 |  938.5 |
        Bailey |    433 |    433 |      0 |     26 |     55 |   1 |  433.0 |
               +--------+--------+--------+--------+--------+-----+--------+

Top non-repeatable levels by time:
  Lair:2: 1867 daAuts
  Lair:3: 1527 daAuts
     D:9: 1484 daAuts
   Orc:2: 1226 daAuts
  Lair:5: 1213 daAuts
    D:10: 1139 daAuts
     D:8: 1132 daAuts
  Lair:1: 1109 daAuts
     D:7: 1083 daAuts
  Lair:4: 974 daAuts
 Swamp:3: 969 daAuts
    D:12: 907 daAuts
     D:5: 893 daAuts
 Swamp:1: 880 daAuts
     D:6: 862 daAuts
